 Dungeon Crawl Stone Soup version 0.17-a0-1442-g10bb59b (webtiles) character file.

89 mrath the Charmwright (level 4, -3/30 HPs)
             Began as a High Elf Skald on June 27, 2015.
             Was an Initiate of Sif Muna.
             Slain by an orc (4 damage)
             ... on level 3 of the Dungeon.
             The game lasted 00:51:04 (2842 turns).

mrath the Charmwright (High Elf Skald)              Turns: 2842, Time: 00:51:06

Health: -3/30      AC:  2    Str: 12    XL:     4   Next: 31%
Magic:  5/8        EV: 13    Int: 15    God:    Sif Muna [......]
Gold:   50         SH:  0    Dex: 20    Spells: 3 memorised, 2 levels left

rFire  . . .     SeeInvis .     C - +2 dagger (venom)
rCold  . . .     Clarity  .     o - +0 robe
rNeg   . . .     SustAt   .     (no shield)
rPois  .         Gourm    .     (no helmet)
rElec  .         Spirit   .     (no cloak)
rCorr  .         Warding  .     (no gloves)
rMut   .         Stasis   .     (no boots)
MR     .....                    h - amulet of regeneration
Stlth  +.........               s - +5 ring of dexterity
                                z - ring of loudness (curse)

@: infused (expiring), very slightly contaminated, not resistant to hostile
enchantments, very unstealthy
A: no striking features
a: Renounce Religion


You were on level 3 of the Dungeon.
You worshipped Sif Muna.
Sif Muna was noncommittal.
You were not hungry.

You visited 1 branch of the dungeon, and saw 3 of its levels.

You collected 50 gold pieces.

Inventory:

Hand weapons
 a - a +0 falchion
 n - a +0 hunting sling
 q - a +0 whip
 C - a +2 dagger of venom (weapon)
Missiles
 g - 71 stones (quivered)
 i - 9 exploding sling bullets
 j - 36 poisoned needles
 k - 25 arrows
 t - 21 bolts
Armour
 b - a +0 leather armour
 e - a +0 ring mail
 f - a +0 chain mail
 o - a +0 robe (worn)
Jewellery
 h - an amulet of regeneration (around neck)
 s - a +5 ring of dexterity (right hand)
 v - an uncursed ring of poison resistance
 x - an uncursed ring of sustain attributes
 z - a cursed ring of loudness (left hand)
Potions
 w - a potion of resistance {unknown}
Books
 c - a book of Battle

   Spells                             Type                      Level
   a - Infusion                       Charms                       1
   b - Shroud of Golubria             Charms/Translocation         2
   c - Song of Slaying                Charms                       2
   d - Spectral Weapon                Hexes/Charms                 3
   e - Regeneration                   Charms/Necromancy            3
Comestibles
 d - 2 bread rations
 l - a royal jelly
 u - 3 fruits


   Skills:
 + Level 2.4 Fighting
 + Level 3.2 Long Blades
 + Level 1.4 Throwing
 + Level 1.1 Armour
 + Level 2.1 Dodging
 + Level 2.6 Spellcasting
 + Level 0.2 Hexes
 + Level 4.2 Charms
 + Level 0.2 Translocations


You had 2 spell levels left.
You knew the following spells:

 Your Spells              Type           Power        Failure   Level  Hunger
a - Infusion              Chrm           ##....       4%          1    #......
b - Shroud of Golubria    Chrm/Tloc      #.........   14%         2    ###....
c - Spectral Weapon       Hex/Chrm       #.......     30%         3    ###....


Dungeon Overview and Level Annotations

Branches:
Dungeon (3/15)

Altars:
Okawaru
Ru
Sif Muna
Vehumet
Xom


Message History

The giant frog hits you.
* * * LOW HITPOINT WARNING * * *
The giant frog closely misses you. The orc closely misses you.
Casting: Infusion
Confirm with . or Enter, or press ? or * to list all spells.
You miscast Shroud of Golubria.
You are very lightly contaminated with residual magic.
The floor and the ceiling briefly switch places.
Your magical infusion is running out.
The quokka barely misses you. The giant frog hits you.
* * * LOW HITPOINT WARNING * * *
The orc hits you.
* * * LOW HITPOINT WARNING * * *
You hit the giant frog.
The giant frog looks even sicker.
The giant frog is heavily wounded.
Your spectral weapon closely misses the giant frog.
The giant frog hits you.
* * * LOW HITPOINT WARNING * * *
The quokka closely misses you. The giant frog misses you. The orc hits you.
You die...

########### ##
.......#.. .#
..##.#.### ##.#
#.#..... ...#
#....#####..#
#.......##..######
##....#..##<.......
#.###.#@..........#####
......rFo.....#..##
.......(.........#
.#....(.....###.##
#.##...##......# ..
#.....#..##### .
...._.....#
..#.....#... .#.##...##
...


You could see a giant frog, an orc and a quokka.

Vanquished Creatures
  4 adders (D:2)
  A worm (D:2)
  A giant gecko (D:1)
  11 bats
  4 goblins
  7 hobgoblins
  6 jackals
  A giant cockroach (D:2)
  A giant newt (D:2)
  11 kobolds
  4 rats
51 creatures vanquished.

Notes
Turn   | Place    | Note
--------------------------------------------------------------
     0 | D:1      | mrath the High Elf Skald began the quest for the Orb.
     0 | D:1      | Reached XP level 1. HP: 14/14 MP: 4/4
   295 | D:1      | Reached skill level 1 in Armour
   385 | D:1      | Reached XP level 2. HP: 19/19 MP: 4/6
   736 | D:1      | Reached skill level 4 in Charms
  1027 | D:1      | Learned a level 2 spell: Shroud of Golubria
  1428 | D:2      | Reached XP level 3. HP: 24/24 MP: 7/7
  1458 | D:2      | Reached skill level 1 in Throwing
  1839 | D:2      | Learned a level 3 spell: Spectral Weapon
  1909 | D:2      | Found a sacrificial altar of Ru.
  1910 | D:2      | Reached XP level 4. HP: 30/30 MP: 8/8
  1912 | D:2      | Found a deep blue altar of Sif Muna.
  1912 | D:2      | Found a shimmering altar of Xom.
  1936 | D:2      | Found a radiant altar of Vehumet.
  2044 | D:2      | Became a worshipper of Sif Muna the Loreminder
  2815 | D:3      | Found an iron altar of Okawaru.
  2829 | D:3      | Noticed a giant frog
  2842 | D:3      | HP: 1/30 [giant frog (1)]
  2842 | D:3      | Slain by an orc

Vault maps used:
D:1:      wheals_arrival_linesprint, kennysheep_small_spiral
D:2:      nicolae_overflow_quartered_altars, minivault_23
D:3:      okawaru_gym_becter, first_bread, serial_bayou_ford_a, uniq_jessica

Action                   |  1- 3 |  4- 6 || total
-------------------------+-------+-------++-------
Melee: Falchion          |   134 |    12 ||   146
       Dagger            |       |    12 ||    12
Throw: Stone             |    58 |    26 ||    84
 Cast: Infusion          |     6 |     7 ||    13
       Shroud of Golubri |     3 |     2 ||     5
       Spectral Weapon   |       |     2 ||     2
  Use: Scroll            |     3 |     2 ||     5
       Potion            |     1 |     3 ||     4
  Eat: Chunk             |     4 |     1 ||     5
       Fruit             |       |     3 ||     3
